cohdb
Replays
Latest Replays
All Replays
Popular Replays
Top Player Replays
Match Explorer
How It Works
Community
CoH3 Stats
Reddit
Sign in to upload your games and track your stats! →
Sign in with Steam
Match 45905988
Unlisted
Match 45905988
Overview
Messages
Build Orders
End
Kradschützen Motorcycle Team
Selects Italian Combined Arms Battlegroup
Selects Bersaglieri Squad
Bersaglieri Squad
Panzerpioneer Squad
250 Light Carrier
Construct Light Support Kompanie
Construct Light Support Kompanie
Panzerjäger Squad
Panzerjäger Mechanized Group
Combat Half-tracks
Construct Mechanized Kompanie
Selects Semovente da 75/18 Assault Gun
Selects Strafing Run
Strafing Run
Construct Panzerarmee Kommand
Panzerpioneer Squad
Selects Artillery Cover
Armored Reserves
Strafing Run
Tiger Heavy Tank
Strafing Run
Fajolada
Leo
Conqueeftador
Herononymous
0
0
Comments
sign in to comment!
No comments posted yet!